Cogmind - Beta 17.1 @@@ ROGUE MODE // 2026.09.10 @ 05:21:35 Player: Ev Result: Destroyed by G-47 Trooper with Particle Gun Performance ------------- Evolutions (2) 1000 Regions Visited (3) 600 Robots Destroyed (58) 290 Value Destroyed (1300) 1300 Prototype IDs (10) 200 Alien Tech Used (0) 0 Bonus (0) 0 TOTAL SCORE: 3390 Bonus ------- None Cogmind --------- Core Integrity 0/550 Matter 250/300 Energy 88/100 System Corruption 6% Temperature Cool (18) Movement Core (100) Ox1 Location -8/Materials Parts ------- > --- POWER (1) -------- (None) > --- PROPULSION (3) --- Improved VTOL Module > --- UTILITY (4) ------ Improved Weapon Shielding Hacking Suite System Shield > --- WEAPON (3) ------- Heavy Assault Rifle > --- INVENTORY (5) ---- Improved Heat Sink Improved Targeting Computer System Shield Particle Gun Peak State ------------ > --- POWER ------------ Heavy Ion Engine > --- PROPULSION ------- Cesium-ion Thruster Surge Thruster Improved VTOL Module > --- UTILITY ---------- Small Storage Unit Advanced Weight Redist. System Hacking Suite System Shield > --- WEAPON ----------- Lightning Gun Lightning Gun Remote Datajack > --- INVENTORY -------- Surge Thruster Surge Thruster Improved Heat Sink Trap Scanner Improved Weapon Shielding Medium Insulated Plating System Shield [Rating: 37] Favorites ----------- Power Heavy Ion Engine Engine Heavy Ion Engine Propulsion Compact Wheel Treads Light Treads Wheel Compact Wheel Flight Unit Improved VTOL Module Utility High-capacity Storage Unit Device Cooling System Storage High-capacity Storage Unit Processor Transport Network Coupler Hackware System Shield Protection Medium Insulated Plating Weapon Heavy EM Pulse Gun Energy Gun Heavy EM Pulse Gun Energy Cannon Particle Cannon Ballistic Gun Flak Gun Ballistic Cannon Light Cannon Launcher Missile Launcher Special Weapon Remote Datajack Special Melee Weapon Improved Datajack Build | -11 -10 -9 -8 ------- Run | Yrd Mat Mat Mat Slots Evolved 4 | . . 2 2 Power . | . . . . Propulsion 1 | . . . 1 Utility 2 | . . 1 1 Weapon 1 | . . 1 . Parts Attached 64 | 4 5 17 38 Power 3 | . . 2 1 Engine 3 | . . 2 1 Core . | . . . . Reactor . | . . . . Propulsion 15 | 2 . 2 11 Treads 6 | 2 . . 4 Leg . | . . . . Wheel 4 | . . 2 2 Hover . | . . . . Flight 5 | . . . 5 Utility 20 | . 3 7 10 Device 9 | . 2 5 2 Storage 2 | . 1 . 1 Processor 1 | . . . 1 Hackware 2 | . . . 2 Protection 6 | . . 2 4 Artifact . | . . . . Weapon 26 | 2 2 6 16 Energy Gun 11 | 2 . . 9 Energy Cannon 5 | . 1 3 1 Ballistic Gun 5 | . . 3 2 Ballistic Cannon 1 | . 1 . . Launcher 2 | . . . 2 Special Weapon 1 | . . . 1 Impact Weapon . | . . . . Slashing Weapon . | . . . . Piercing Weapon . | . . . . Special Melee Weapon 1 | . . . 1 Unidentified Prototypes 5 | . . 2 3 Corrupted Parts 1 | . . 1 . System Corruption 2 | . . 2 . Parts Lost 13 | . . 1 12 Power 1 | . . . 1 Propulsion 4 | . . . 4 Utility 5 | . . 1 4 Weapon 3 | . . . 3 Highest Loss Streak 12 | . . 1 12 To Critical Strikes . | . . . . Average Backups 14 | 3 5 18 14 Power . | . . . . Propulsion 1 | 1 1 1 2 Utility 9 | . 2 12 10 Weapon 2 | . 1 4 1 Tool/Special . | . . . . Unused Backups 47 | . 5 15 27 Power 5 | . 1 3 1 Propulsion 7 | . . 2 5 Utility 26 | . 3 5 18 Weapon 9 | . 1 5 3 Tool/Special . | . . . . Average Slot Usage (%) 83 | . 37 83 95 Engine 6 | . . 6 8 Treads 5 | . 9 11 1 Wheel 10 | . . 8 14 Flight 5 | . . . 9 Device 10 | . 4 16 8 Storage 8 | . 4 11 8 Hackware 6 | . . . 12 Protection 4 | . . 5 6 Energy Gun 11 | . 3 . 19 Energy Cannon 3 | . 4 7 . Ballistic Gun 3 | . . 4 3 Ballistic Cannon 4 | . 12 11 . Peak Build Rating 37 | 4 9 21 37 Average Rating 20 | 1 3 13 28 On Entrance 8 | . 2 9 21 Avg Prop Armor Cover (%) 1 | . . . 1 Naked Turns . | . . . . Heaviest Build 70 | 3 48 67 70 Greatest Support 62 | 3 46 46 62 Greatest Overweight (x) 4 | . 1 3 4 Average Overweight (x) . | . . 1 . Largest Inventory Capacity 20 | 5 20 20 20 Average Capacity 15 | 5 9 20 15 Most Carried 20 | 5 14 20 20 Average Carried 14 | 4 5 18 15 Final Capacity 20 | 5 20 20 5 Final Carried 20 | 5 14 20 4 Class Distribution -------------------- 33% | Mutant 32% | Tank 18% | Hacker-Sprinter 6% | Hacker-Tank 5% | Scavenger-Tank Dominant Class ---------------- Mutant | -10/Materials Mutant | -9/Materials Tank | -8/Materials Resources | -11 -10 -9 -8 ----------- Run | Yrd Mat Mat Mat Matter Collected 1438 | 238 153 514 533 Remotely . | . . . . Salvage Created 2027 | 26 201 748 1052 Parts 110 | 3 11 44 52 Haulers Intercepted 4 | . 1 2 1 Recyclers Shooed 1 | . . . 1 Parts Field Recycled . | . . . . Retrieved Matter . | . . . . Parts Self-Destructed . | . . . . Prevented . | . . . . Parts Restored . | . . . . Kills | -11 -10 -9 -8 ------- Run | Yrd Mat Mat Mat Combat Hostiles Destroyed 27 | . 5 10 12 Guns 12 | . . 2 10 Cannons 13 | . 5 7 1 AOE 1 | . . . 1 Classes Destroyed 11 | 1 4 5 1 Worker 3 | . . 1 2 Builder 7 | . . 4 3 Tunneler 2 | 1 . . 1 Hauler 4 | . 1 2 1 Recycler 5 | . . 3 2 Operator 2 | . 1 . 1 Watcher 8 | . 2 2 4 Swarmer 6 | . . 3 3 Grunt 13 | . 5 6 2 Sentry 5 | . . 1 4 Hunter 3 | . . . 3 Best Kill Streak 7 | 1 3 7 4 Combat Bots Only 4 | . 2 4 3 Max Kills in Single Turn 3 | 1 1 2 3 Gunslinging . | . . . . Exploded 1 | . . . 1 Melee . | . . . . Uniques/NPCs Destroyed . | . . . . Combat | -11 -10 -9 -8 -------- Run | Yrd Mat Mat Mat Hostile Shots Fired 147 | . 3 34 110 Missed 38 | . 2 9 27 Hits 109 | . 1 25 83 Projectile 109 | . 1 25 83 Critical Strikes 8 | . . . 8 Actively Blocked 1 | . . . 1 Damage Taken 2206 | 37 12 340 1817 Core 635 | . . 74 561 Absorbed by Shields . | . . . . Redirected to Shielding 72 | . . . 72 Regen/Repaired (Parts) 111 | . . . 111 Core Remaining (%) 93 | 100 100 81 . Volleys Fired 144 | 8 29 42 65 Largest 3 | 1 2 3 3 Hottest 170 | 40 80 166 170 Shots Fired 292 | 8 34 94 156 Gun 180 | 8 8 18 146 Cannon 106 | . 26 76 4 Launcher 6 | . . . 6 Special . | . . . . Kinetic 96 | . 26 60 10 Thermal 42 | . 4 34 4 Explosive 6 | . . . 6 Electromagnetic 148 | 8 4 . 136 Robot Hit Streak 15 | 6 6 8 15 Robot Miss Streak 4 | 1 2 4 3 Penetration Max . | . . . . Secondary Targets . | . . . . Shots Hit Robots 153 | 7 22 43 81 Core Hits 85 | 2 10 24 49 Critical Kills 1 | . . 1 . Critical Parts Destroyed . | . . . . Critical Strikes 5 | . 1 3 1 Meltdown 1 | . . 1 . Blast 3 | . 1 2 . Corrupt 1 | . . . 1 Melee Attacks 4 | . . . 4 Impact . | . . . . Slashing . | . . . . Piercing . | . . . . Sneak Attacks 1 | . . . 1 Combat Hostiles . | . . . . Follow-up Attacks . | . . . . Damage Inflicted 3081 | 165 354 845 1717 Guns 1592 | 89 45 123 1335 Cannons 1081 | . 309 722 50 Explosions 408 | 76 . . 332 Melee . | . . . . Ramming . | . . . . Kinetic 1025 | . 309 555 161 Thermal 525 | 76 45 290 114 Explosive 268 | . . . 268 Electromagnetic 1263 | 89 . . 1174 Impact . | . . . . Slashing . | . . . . Piercing . | . . . . Highest Corruption 6 | . 1 2 6 Average Corruption 1 | . 1 2 6 Corruption Purged . | . . . . Corruption Blocked . | . . . . Effects 8 | . 4 2 2 Message Errors 2 | . 1 1 . Matter Fused 3 | . 1 1 1 Parts Fused 1 | . 1 . . Data Loss (minor) 1 | . . . 1 Misfires 1 | . 1 . . Overload Shots . | . . . . Overflow Damage 5 | . . . 5 Projectiles . | . . . . Explosions 5 | . . . 5 Melee . | . . . . Knockbacks 7 | . . 7 . Impact . | . . . . Kinetic 6 | . . 6 . Secondary 1 | . . 1 . Self-Inflicted Damage 91 | 37 . . 54 Shots 2 | 1 . . 1 Rammed . | . . . . Targets Rammed . | . . . . Kicked . | . . . . Crushed . | . . . . Highest Temperature 300 | 7 34 300 293 Average Temperature 89 | 4 14 93 93 Received Heat Transfer 576 | . 6 129 441 Effects 1 | . . 1 . Energy Bleed 1 | . . 1 . Siege Activations . | . . . . Martial Activations . | . . . . Shielding Activations . | . . . . Robots Disrupted . | . . . . Combat Hostiles . | . . . . Robots Corrupted . | . . . . Combat Hostiles . | . . . . Parts Fried 6 | . . . 6 Impact Corruptions . | . . . . Robots Melted 1 | . . 1 . Combat Hostiles 1 | . . 1 . Parts Melted 1 | . . 1 . Heat Transferred 868 | 50 100 518 200 Parts Sabotaged . | . . . . Parts Stolen . | . . . . Parts Stripped . | . . . . Power Chain Reactions 3 | 2 . . 1 Alert | -11 -10 -9 -8 ------- Run | Yrd Mat Mat Mat Maximum Alert Level . | . . . . Low Security (%) 100 | 100 100 100 100 Level 1 . | . . . . Level 2 . | . . . . Level 3 . | . . . . Level 4 . | . . . . Level 5 . | . . . . High Security . | . . . . Max Security . | . . . . Peak Influence 189 | 5 127 189 154 Initial 68 | . . 32 68 Average 60 | . 58 65 61 Influence Increases 1298 | 5 202 370 721 Destroy 0b10 Robot/C 540 | . 100 200 240 Destroy 0b10 Robot/NC 155 | 5 20 60 70 Destroy Leader 184 | . 36 58 90 Successful Hack 8 | . . 5 3 Select Force Hacks 60 | . 30 . 30 Disable Machine 105 | . 15 45 45 Destroy Structure 36 | . 1 2 33 Partial Spotted 45 | . . . 45 Lose Combat Pursuer 165 | . . . 165 Influence Decreases 1176 | 5 125 284 762 Entered New Map 140 | . . 45 95 Time Decay 773 | 5 125 229 414 Lost Part 130 | . . 10 120 Purge Threat 133 | . . . 133 Squads Dispatched 12 | . 4 1 7 Investigation 5 | . 1 1 3 Extermination . | . . . . Reinforcement 7 | . 3 . 4 Assault . | . . . . Garrison . | . . . . Intercept . | . . . . Searches Triggered . | . . . . Construction Impeded . | . . . . Haulers Reinforced . | . . . . Active Scanning Responses . | . . . . Cargo Convoy Interrupts . | . . . . Stealth | -11 -10 -9 -8 --------- Run | Yrd Mat Mat Mat Distress Signals 1 | . . . 1 Communications Jammed . | . . . . Distress Signals . | . . . . Times Spotted 58 | . 8 12 38 Peak Tracking Total 6 | . 3 4 6 Tactical Retreats 4 | . . . 4 Traps | -11 -10 -9 -8 ------- Run | Yrd Mat Mat Mat Traps Triggered 1 | . . 1 . Indirectly . | . . . . Trap Hack Attempts . | . . . . Triggered . | . . . . Disarmed . | . . . . Reprogrammed . | . . . . Reused . | . . . . Traps Extracted . | . . . . Installed . | . . . . Triggered . | . . . . Machines | -11 -10 -9 -8 ---------- Run | Yrd Mat Mat Mat Machines Disabled 7 | . 1 3 3 Max in Single Turn 1 | . 1 1 1 Machines Repaired . | . . . . Machines Dismantled . | . . . . Machines Sabotaged . | . . . . Overloaded Fab Kills . | . . . . Hacking | -11 -10 -9 -8 --------- Run | Yrd Mat Mat Mat Machines Accessed 16 | . 3 3 10 Terminals 10 | . 1 2 7 Fabricators . | . . . . Repair Stations 1 | . . . 1 Recycling Units 3 | . 2 . 1 Scanalyzers 2 | . . 1 1 Garrison Access . | . . . . Total Hacks 67 | . 8 11 48 Successful 40 | . 5 4 31 Failed 27 | . 3 7 17 Catastrophic 7 | . 3 1 3 Database Lockouts . | . . . . Manual 23 | . 3 3 17 Terminals 36 | . 2 7 27 Fabricators . | . . . . Repair Stations 13 | . . . 13 Recycling Units 9 | . 6 . 3 Scanalyzers 9 | . . 4 5 Garrison Access . | . . . . Terminal Hacks 8 | . . 1 7 Prototype ID Bank 3 | . . 1 2 Emergency Access Points 1 | . . . 1 Terminal Index 1 | . . . 1 Alert Level 1 | . . . 1 Unreport Threat 1 | . . . 1 Registered Components 1 | . . . 1 Fabricator Hacks . | . . . . Repair Station Hacks 11 | . . . 11 Scan Component 6 | . . . 6 Repair 5 | . . . 5 Recycling Unit Hacks 5 | . 3 . 2 Report Inventory 2 | . 2 . . Retrieve Matter 1 | . . . 1 Retrieve Components 2 | . 1 . 1 Scanalyzer 6 | . . 1 5 Retrieve Study 6 | . . 1 5 Garrison Access Hacks . | . . . . Unauthorized Hacks 10 | . 2 2 6 Terminals 8 | . 1 2 5 Botnet 7 | . 1 1 5 Operators 1 | . . 1 . Fabricators . | . . . . Repair Stations . | . . . . Recycling Units 2 | . 1 . 1 Tunnel 2 | . 1 . 1 Scanalyzers . | . . . . Garrison Access . | . . . . Data Cores Recovered . | . . . . Used . | . . . . Hacking Detections 13 | . 2 3 8 Full Trace Events 2 | . 1 1 . Feedback Events 1 | . 1 . . Corruption 1 | . 1 . . Feedback Blocked . | . . . . Robot Schematics Acquired . | . . . . Robots Built . | . . . . Authchips . | . . . . Time . | . . . . Total Robot Build Rating . | . . . . Part Schematics Acquired . | . . . . Parts Built . | . . . . Authchips . | . . . . Time . | . . . . Total Part Build Rating . | . . . . Part Studies Acquired 6 | . . 1 5 Parts Repaired 5 | . . . 5 Time 154 | . . . 154 Parts Recycled . | . . . . Recycled Matter . | . . . . Retrieved Matter . | . . . . Retrieved Components 3 | . 3 . . Parts Scanalyzed . | . . . . Part Schematics Acquired . | . . . . Parts Damaged . | . . . . Bothacking | -11 -10 -9 -8 ------------ Run | Yrd Mat Mat Mat Used RIF Installer . | . . . . Robots Hacked 2 | . . . 2 Non-combat 2 | . . . 2 Combat . | . . . . Robot Hacks Applied 4 | . . . 4 parse_system 1 | . . . 1 no_distress 2 | . . . 2 check_alert 1 | . . . 1 Relay Couplers Released . | . . . . Fabnet Peak Effective % . | . . . . Robots Rewired . | . . . . Allies Hacked . | . . . . Hacks Repelled . | . . . . Allies | -11 -10 -9 -8 -------- Run | Yrd Mat Mat Mat Total Allies . | . . . . Largest Group . | . . . . Highest-Rated Group . | . . . . Highest-Rated Ally . | . . . . Total Orders . | . . . . Ally Attacks . | . . . . Total Damage . | . . . . Kills . | . . . . Allies Corrupted . | . . . . Allies Melted . | . . . . Intel | -11 -10 -9 -8 ------- Run | Yrd Mat Mat Mat Active Infowar (turns) 336 | . 2 308 26 Sensors 308 | . . 308 . T.N.C. 26 | . . . 26 ECM 2 | . 2 . . Robot Analysis Total . | . . . . Derelict Logs Recovered . | . . . . Drone Launches . | . . . . Drone Recoveries . | . . . . Exploration | -11 -10 -9 -8 ------------- Run | Yrd Mat Mat Mat Turns Passed 2309 | 67 297 665 1280 Spaces Moved 1433 | 70 201 268 894 Core 237 | 70 167 . . Treads 198 | . 34 119 45 Legs . | . . . . Wheels 472 | . . 149 323 Hover . | . . . . Flight 526 | . . . 526 Fastest Speed 29 | 50 50 115 29 Average Speed 85 | 50 70 164 67 Slowest Speed 280 | 50 240 240 280 Overloaded Moves . | . . . . Propulsion Burnouts . | . . . . Robots Hopped 11 | . . . 11 Potential Cave-ins 3 | . . . 3 Cave-ins Triggered 1 | . . . 1 Exploration Rate (%) 30 | 4 33 18 68 Regions Visited 3 Branch Regions . Pre-discovered Areas 2 | . 1 . 1 Known Exits Taken . | . . . . Unknown Exits Taken 3 | 1 1 1 . Scrap Searched . | . . . . Spaces Dug . | . . . . Terrain Destroyed 51 | 5 . . 46 Melee . | . . . . Projectile 1 | . . . 1 AOE 50 | 5 . . 45 Terrain Rammed . | . . . . Walls Destroyed . | . . . . Machines Disabled . | . . . . Actions | -11 -10 -9 -8 --------- Run | Yrd Mat Mat Mat Total 2294 | 93 325 439 1437 Wait 448 | 4 61 48 335 Move 1411 | 69 200 267 875 Hop 7 | . . . 7 Pick Up 103 | 6 20 34 43 Fast Attach 29 | 1 1 3 24 Attach 31 | 3 5 12 11 Detach 8 | 2 . 4 2 Swap 20 | . 1 2 17 Drop 88 | . 8 27 53 Fire 144 | 8 29 42 65 Melee 4 | . . . 4 Ram . | . . . . Kick . | . . . . Crush . | . . . . Escape Stasis 1 | . . . 1 Rewire . | . . . . Trap . | . . . . Miscellaneous . | . . . . Route ------- -11/Scrapyard -10/Materials -9/Materials -8/Materials (discovered 1 exit: [*Fac]) History --------- Turn | Location | Event 11 | -11/Scrapyard | Discovered new exit (range 16) 68 | -11/Scrapyard | Entered Materials 263 | -10/Materials | Discovered new exit (range 11) 324 | -10/Materials | Build established: Mutant 365 | -10/Materials | Entered another Materials area 365 | -9/Materials | Evolved 2 slots: Utility x1, Weapon x1 975 | -9/Materials | Discovered new exit (range 7) 1030 | -9/Materials | Entered another Materials area 1030 | -8/Materials | Evolved 2 slots: Propulsion x1, Utility x1 1171 | -8/Materials | Build established: Tank 1471 | -8/Materials | Repaired Hvy. EM Pulse Gun 1517 | -8/Materials | Repaired Broken Hvy. EM Pulse Gun 1544 | -8/Materials | Repaired ECM Suite 1571 | -8/Materials | Repaired Com. Wheel 1599 | -8/Materials | Repaired Com. Wheel 2120 | -8/Materials | Discovered new exit (range 7) 2125 | -8/Materials | Build established: Hacker-Sprinter 2264 | -8/Materials | Crushed by falling debris 2267 | -8/Materials | Core integrity fell below 50% 2287 | -8/Materials | Core integrity fell below 20% 2310 | -8/Materials | Destroyed by G-47 Trooper with Particle Gun Last Messages --------------- 02271_ H-61 Shepherd calls for reinforcements. 02271_ ALERT: Hostile activity reported, dispatching reinforcements to area. 02271_ Penetrated by Slug. 02276_ Propulsion Shielding destroyed. 02276_ Critical hit (Blast). 02276_ Knocked back. 02278_ Hvy. EM Shotgun destroyed. 02279_ Acquired Hvy. Assault Rifle+. 02284_ G-50 Soldier misfires. 02289_ System corrupted: Matter fused (-7). 02289_ Acquired Lgt. Treads+. 02298_ G-50 Soldier misfires. 02306_ H-61 Shepherd calls for reinforcements. 02306_ ALERT: Suspicious intruders detected, dispatching Specialist reinforcements to area. 02306_ Med. Insulated Plating destroyed. 02306_ Critical hit (Burn: +37). 02308_ Lgt. Treads+ destroyed. 02308_ Acquired Particle Gun. Map ----- +----------------------------------------------------+ | ???????????? # +?? # | | ???????????? ############# # | | ?????????????? " ## # / #??# # | | ??????????????# T ## # #??# # | | ??????????????? " ## # """ #??# # | | ??????????????? !/## # """"" #### # | | ??????????????# !! / ## # """"" + | | ??????????????# ! ## # """"" #### | | ??????????????# ## + """ #??# | | ??????????????? ## # #??# | | ???????????????#/##### ###### #??# #### | | ?????????????????????## #?????#############+##?? | | ???????????????? ???# #??????# # ! #?? | | ??????????????? """???# #??????# #! T #?? | | ????????????????""" ??# #??????# """ #![ #?? | | ?????????????????"" ??# #??????# """ # #?? | | ?????????????????? ?# %######## """ # #?? | | ??????????????????? ## %"## # ## # #?? | | ?????????#########+##; ]# # ####/""##+##### | | ???????? % %= *%[% # | | ???????? =! % + | | ???????? % H ## "#########+## # | | ???????????###########!g % ## ## ##??????? # # | | ?????????????????#######g##########???????? # # | | ?????????????????#! =] ggg #??????????" /#### | | ?????????????????# @ #??????????" #??? | | ?????????????????# #????????? #??? | | ?????????????????# #????????? #??? | | ?????????????????# #????????#######??? | | ?????????????????# #?????????????????? | | ?????????????????###############?????????????????? | | | | | | | | | | | | | | | | | | | | | | | | | | | | | | | | | | | | | | | +----------------------------------------------------+ Best States ------------- Heat Dissipation 53 Energy Generation 14 Energy Capacity 280 Matter Stores 300 Matter Capacity 300 Sight Range 16 Robot Scan Range 14 Terrain Scan Density 10 Additional Mass Support 9 Armor Coverage 225 Resistance: EM 20 Power Shielding 33 Propulsion Shielding 33 Weapon Shielding 66 Evasion (%) 64 Recoil Reduction 3 Offensive Hacking 10 Defensive Hacking 10 Item Schematics ----------------- None Robot Schematics ------------------ None Fabricated ------------ Nothing Repaired ---------- Hvy. EM Pulse Gun | 22% | -8/Materials Hvy. EM Pulse Gun | 42% | -8/Materials | Broken ECM Suite | 55% | -8/Materials Com. Wheel | 70% | -8/Materials Com. Wheel | 16% | -8/Materials Studied --------- Lgt. Treads | -9/Materials | Hacked Surge Thruster | -8/Materials | Hacked Cesium-ion Thruster | -8/Materials | Hacked Imp. Datajack | -8/Materials | Hacked Imp. Ion Engine | -8/Materials | Hacked Hvy. Assault Rifle | -8/Materials | Hacked Alien Tech Used ----------------- None Achievements -------------- None Challenges ------------ None Game ------ Seed ThrusterTechRay Manual? 0 Play Time 00:51:28 Cumulative 98.2 hours Start 2026.09.10 @ 04:25:47 End 2026.09.10 @ 05:21:35 Sessions 1 Manual Loads 0 Difficulty Rogue Special Mode None Game No. 159 Rogue 159 Adventurer 0 Explorer 0 Win Type - Total 0 Types 0/0/0/0/0/0/0/0/0/0 Lore% 28 Gallery% 38 Achievement% 31 Wizard Run 0 Options --------- Layout 1 ASCII 0 Keyboard 0 Movement Mouse Keybinds 0 Fullscreen 1 Font 16/Cog Map View 50x40 Zoom Use 0% Tactical HUD 1 Map Filters NONE Filters NONE Steam 1 RUN: 4c1b04ab-f9dc-4bc8-ba06-db8583698cbf